 Dungeon Crawl Stone Soup version 0.19.0 (webtiles) character file.

37 Gorglomux the Shooter (level 3, 0/30 HPs)
             Began as a Centaur Hunter on Nov 1, 2016.
             Was an Initiate of Okawaru.
             Succumbed to a kobold's poison
             ... on level 3 of the Dungeon.
             The game lasted 00:02:54 (1296 turns).

Gorglomux the Shooter (Centaur Hunter)              Turns: 1296, Time: 00:02:55

Health: 0/30       AC:  6    Str: 20    XL:     3   Next: 23%
Magic:  3/3        EV:  9    Int: 14    God:    Okawaru [......]
Gold:   106        SH:  0    Dex:  9    Spells: 0 memorised, 2 levels left

rFire  . . .     SeeInvis .     b - +0 short sword
rCold  . . .     Gourm    .     c - +0 leather armour
rNeg   . . .     Faith    .     (no shield)
rPois  .         Spirit   .     (no helmet)
rElec  .         Reflect  .     (no cloak)
rCorr  .         Harm     .     m - +1 pair of gloves
MR     +....                    (no barding)
Stlth  +.........               (no amulet)
                                h - +4 ring of intelligence (curse)
                                g - ring of protection from magic

@: mighty, lethally poisoned (0 -> -1), very quick
A: hooves 3, deformed body, speed 2, tough skin 3
a: Renounce Religion


You were on level 3 of the Dungeon.
You worshipped Okawaru.
Okawaru was noncommittal.
You were not hungry.

You visited 1 branch of the dungeon, and saw 3 of its levels.

You collected 106 gold pieces.

Inventory:

Hand Weapons
 a - a +1 shortbow
 b - a +0 short sword (weapon)
Missiles
 d - 45 arrows
Armour
 c - a +0 leather armour (worn)
 m - a +1 pair of gloves (worn)
Jewellery
 g - a ring of protection from magic (left hand)
 h - a cursed +4 ring of intelligence (right hand)
Scrolls
 j - a scroll of identify
 n - 2 scrolls of random uselessness
Potions
 e - a potion of cancellation
 i - a potion of might
Comestibles
 f - a bread ration
 k - a meat ration
 o - a chunk of flesh


   Skills:
 + Level 2.8 Fighting
 + Level 0.3 Short Blades
 * Level 6.1 Bows
 - Level 1.3 Dodging
 - Level 0.4 Stealth


You had 2 spell levels left.
You didn't know any spells.

Dungeon Overview and Level Annotations

Branches:
Dungeon (3/15)

Altars:
Okawaru


Innate Abilities, Weirdness & Mutations

You have hooves in place of feet.
Armour fits poorly on your strangely shaped body.
You cover ground very quickly.
You have extremely tough skin. (AC +3)


Message History

* * * LOW HITPOINT WARNING * * *
You feel sick.
The leopard gecko hisses angrily.
You closely miss the leopard gecko. You kick the leopard gecko.
You kill the leopard gecko!
Okawaru accepts your kill.
* * * LOW HITPOINT WARNING * * *
You feel sick.
Found an escape hatch in the floor.
* * * LOW HITPOINT WARNING * * *
You feel sick.
There is an escape hatch in the floor here.
You slide downwards.
The hatch slams shut behind you.
* * * LOW HITPOINT WARNING * * *
You feel sick.
Found 28 gold pieces and a potion of might.
* * * LOW HITPOINT WARNING * * *
You feel sick.
You feel a little less clever now.
You die...

#.#........
####$#........ #
#.......$.....
#.##.##.#........
#.......#........
####.####........
#.###########.
##........
#@..######
#.###..... #.#
#.#.# #. ... #
###


There were no monsters in sight!

Vanquished Creatures
  An ooze (D:2)
  A worm (D:2)
  2 dart slugs (D:1)
  4 leopard geckos (D:2)
  A giant cockroach (D:1)
  4 hobgoblins
  2 quokkas (D:2)
  A ball python (D:1)
  A bat (D:2)
  2 frilled lizards (D:1)
  3 kobolds
22 creatures vanquished.

Notes
Turn   | Place    | Note
-------+----------+-------------------------------------------
     0 | D:1      | Gorglomux the Centaur Hunter began the quest for the Orb.
     0 | D:1      | Reached XP level 1. HP: 17/17 MP: 1/1
   369 | D:1      | Reached XP level 2. HP: 22/25 MP: 2/2
   568 | D:1      | Found an iron altar of Okawaru.
   575 | D:1      | Became a worshipper of Warmaster Okawaru
  1150 | D:2      | Reached XP level 3. HP: 16/30 MP: 3/3
  1246 | D:2      | Reached skill level 6 in Bows
  1290 | D:3      | HP: 1/30 [poisoned by a kobold]
  1296 | D:3      | Succumbed to a kobold's poison

Skill      XL: |  1  2  3 |
---------------+----------+-----
Bows           | 6 |  6.1
Fighting       | |  2.8
Short Blades   | |  0.3
Dodging        | |  1.3
Stealth        | |  0.4

Action                   || total
-------------------------++-------
Melee: Short sword       ||    91
       Kick              ||    14
 Fire: Shortbow          ||     4
  Use: Potion            ||     3
       Scroll            ||     1
  Eat: Chunk             ||     1
Armor: Leather armour    ||    31
Dodge: Dodged            ||    35
